 Dungeon Crawl Stone Soup version 0.26-a0-810-ge1a9524b62 (webtiles) character file.

Game seed: 2817874542851717080

76 quinnr the Cudgeller (level 4, -7/26 HPs)
             Began as a Gargoyle Gladiator on Nov 13, 2020.
             Mangled by a worm (13 damage)
             ... on level 2 of the Dungeon.
             The game lasted 00:04:29 (1448 turns).

quinnr the Cudgeller (Gargoyle Gladiator)           Turns: 1448, Time: 00:04:30

Health: -7/26      AC:  7    Str: 19    XL:     4   Next: 32%
Magic:  4/4        EV: 12    Int:  8    God:
Gold:   173        SH:  0    Dex: 11    Spells: 3/3 levels left

rFire    . . .     SeeInvis .   a - +0 flail
rCold    . . .     Faith    .   (no shield)
rNeg     + . .     Spirit   .   b - +0 leather armour
rPois    ∞         Reflect  .   c - +0 helmet
rElec    +         Harm     .   (no cloak)
rCorr    .         Rampage  .   (no gloves)
MR       .....     Rnd*Tele +   (no boots)
Stlth    +.........             (no amulet)
HPRegen  0.08/turn              h - ring of teleportation (curse)
MPRegen  0.09/turn              (no ring)

@: no status effects
A: negative energy resistance 1, electricity resistance, unbreathing,
petrification resistance, rot immunity, AC +3
a: no special abilities


You were on level 2 of the Dungeon.
You visited 1 branch of the dungeon, and saw 2 of its levels.

You collected 173 gold pieces.

Inventory:

Hand Weapons
 a - a +0 flail (weapon)
Missiles
 d - 3 throwing nets (quivered)
Armour
 b - a +0 leather armour (worn)
 c - a +0 helmet (worn)
Jewellery
 h - a cursed ring of teleportation (left hand)
Wands
 g - a wand of random effects (18)
 p - a wand of acid (8)
Scrolls
 j - 2 scrolls of enchant weapon {unknown}
 k - 3 scrolls of identify {unknown}
 l - 2 scrolls of teleportation {unknown}
 m - a scroll of fog {unknown}
 n - 2 scrolls of blinking {unknown}
 o - a scroll of amnesia {unknown}
 q - 2 scrolls of remove curse {unknown}
 r - a scroll of enchant armour {unknown}
Potions
 e - 2 potions of heal wounds {unknown}
 f - 3 potions of curing {unknown}
 i - 2 potions of degeneration {unknown}


   Skills:
 - Level 2.1 Fighting
 + Level 5.0 Maces & Flails
 - Level 1.7 Throwing
 - Level 2.4 Dodging


You had 3 spell levels left.
You didn't know any spells.
Your spell library was empty.

Dungeon Overview and Level Annotations

Branches:
Dungeon (2/15)

Altars:
Trog
Xom


Innate Abilities, Weirdness & Mutations

You are resistant to torment.
Your stone body is resilient. (AC +3)
You are immune to poison.
You resist negative energy. (rN+)
You are resistant to electric shocks. (rElec)
You can survive without breathing.
You are immune to petrification.
You are immune to rotting.


Message History

You sock the rat!
You kill the rat!
The moth of wrath goads the worm on!
The worm goes berserk!
You closely miss the rat. The rat bites you but does no damage.
The rat completely misses you.
You hit the worm.
The worm is moderately wounded.
The rat bites you but does no damage.
The moth of wrath goads the rat on!
The rat goes berserk!
The moth of wrath goads the rat on!
The rat goes berserk!
The rat barely misses you. The worm bites you!
You barely miss the worm.
The worm is lightly wounded.
The rat barely misses you. The worm bites you! The rat closely misses you.
The rat misses you. The rat bites you.
* * * LOW HITPOINT WARNING * * *
The rat bites you but does no damage. The rat closely misses you.
The rat bites you but does no damage. The worm bites you!
Ouch! That really hurt!
You die...

##.....#######
####........##############
#.#######..##.........# #
####....##..#.........#
########.......##.#......)..#
.....##)........#.†.........#
#######....#....##.......[..#
#)...###..r###.........#
#.._.#y#..r@...........#
#))..###..w##..........#
#....#...r###.........#
#.........# ###########
##.......## ###....## ######


You could see a moth of wrath, a worm (berserk) and 3 rats.

Vanquished Creatures
  4 adders (D:2)
  An ooze (D:1)
  6 bats
  4 hobgoblins
  4 jackals (D:1)
  3 frilled lizards
  2 goblins
  6 kobolds
  7 rats
37 creatures vanquished.

Notes
Turn   | Place    | Note
-------+----------+-------------------------------------------
     0 | D:1      | quinnr the Gargoyle Gladiator began the quest for the Orb.
     0 | D:1      | Reached XP level 1. HP: 12/12 MP: 1/1
   242 | D:1      | Reached XP level 2. HP: 17/17 MP: 2/2
   324 | D:1      | Reached skill level 4 in Maces & Flails
   500 | D:1      | Reached XP level 3. HP: 20/21 MP: 3/3
   915 | D:2      | Found a shimmering altar of Xom.
  1044 | D:2      | Reached XP level 4. HP: 21/26 MP: 4/4
  1262 | D:2      | Reached skill level 5 in Maces & Flails
  1433 | D:2      | Noticed a moth of wrath
  1435 | D:2      | Found a bloodstained altar of Trog.
  1448 | D:2      | Mangled by a worm

Illustrated notes

Levels and vault maps discovered:
D:1:      dpeg_arrival_rooms_c, layout_rooms
D:2:      layout_rooms, tgw_trog, xom_butterflies, minmay_pentomino_q2

Skill      XL: |  1  2  3  4 |
---------------+-------------+-----
Maces & Flails | 4 5 |  5.0
Fighting       | |  2.1
Throwing       | |  1.7
Dodging        | |  2.4

Action                   |  1- 3 |  4- 6 || total
-------------------------+-------+-------++-------
Melee: Flail             |   118 |    21 ||   139
  Use: Scroll            |     1 |       ||     1
Armor: Leather armour    |    65 |    10 ||    75
Dodge: Dodged            |    97 |    27 ||   124

Table legend: (Time is in decaauts)
 A = Elapsed time spent in this place.
 B = Non-inter-level travel time spent in this place.
 C = Inter-level travel time spent in this place.
 D = Time resting spent in this place.
 E = Time spent auto-exploring this place.
 F = Levels seen in this place.
 G = Mean time per level.
                   A        B        C        D        E       F      G
               +--------+--------+--------+--------+--------+-----+--------+
         Total |   1476 |   1453 |     23 |    236 |    897 |   2 |  738.0 |
       Dungeon |   1476 |   1453 |     23 |    236 |    897 |   2 |  738.0 |
               +--------+--------+--------+--------+--------+-----+--------+

Top non-repeatable levels by time:
     D:1: 854 daAuts
     D:2: 621 daAuts
